 Dungeon Crawl Stone Soup version 0.30.0-17-ge0270778cf (webtiles) character file.

Game seed: 949480537759925977

11 Strat the Changer (level 2, 0/20 HPs)
             Began as a Ghoul Wanderer on May 21, 2023.
             Was a Follower of Makhleb.
             Slain by a goblin
             ... wielding a +0 spear
              (3 damage)
             ... on level 1 of the Dungeon.
             The game lasted 00:01:17 (301 turns).

Strat the Changer (Ghoul Wanderer)                   Turns: 301, Time: 00:01:18

Health: 0/20       AC:  3    Str: 14    XL:     2   Next: 29%
Magic:  5/5        EV: 11    Int:  7    God:    Makhleb [*.....]
Gold:   52         SH:  0    Dex:  9    Spells: 8/8 levels left

rFire   . .          .
                       - Unarmed
rCold   + . .        (no shield)
rNeg    + + +        c - +0 leather armour
rPois   ∞            (no helmet)
rElec   .            (no cloak)
rCorr   .            (no gloves)
SInv    .            (no boots)
Will    .....        (no amulet)
Stlth   +            (no ring)
HPRegen 0.00/turn    (no ring)
MPRegen 0.09/turn

%: no passive effects
@: inhibited regen
A: claws 1, cold resistance 1, negative energy resistance 3, inhibited
regeneration, torment resistance 2, devour on kill
a: Renounce Religion


You were on level 1 of the Dungeon.
You worshipped Makhleb.
Makhleb was aware of your devotion.
You visited 1 branch of the dungeon, and saw 1 of its levels.

You collected 52 gold pieces.

Inventory:

Armour
 c - a +0 leather armour (worn)
Wands
 d - a wand of polymorph (6) (quivered)
Potions
 b - a potion of haste


   Skills:
 - Level 1.0 Dodging
 + Level 2.1 Unarmed Combat
 - Level 3.6 Spellcasting
 - Level 3.6 Transmutations
 - Level 1.0 Evocations


You had 8 spell levels left.
You didn't know any spells.
Your spell library contained the following spells:

 Spells                   Type           Power      Damage    Failure   Level
 Sting                    Tmut/Pois      12%        1d3       21%         1
 Passwall                 Tmut/Erth      2%         N/A       30%         2
 Foxfire                  Conj/Fire      4%         2x1d4     38%         1
 Ignite Poison            Fire/Tmut/Pois 2%         N/A       58%         3


Dungeon Overview and Level Annotations

Branches:
Dungeon (1/15)

Altars:
Makhleb


Innate Abilities, Weirdness & Mutations

You are immune to poison.
You have sharp fingernails.
Your flesh is cold resistant. (rC+)
You are immune to negative energy. (rN+++)
You do not regenerate when monsters are visible.
You are immune to unholy pain and torment.
You thrive by killing the living.


Message History

The goblin hits you from afar with a +0 spear.
* * * LOW HITPOINT WARNING * * *
You scratch the hobgoblin.
You kill the hobgoblin!
Makhleb accepts your kill.
You feel better.
The goblin hits you but does no damage. x2
The goblin hits you with a +0 dagger.
* * * LOW HITPOINT WARNING * * *
The goblin closely misses you. The goblin attacks as you move away!
The goblin hits you but does no damage. The goblin attacks as you move away!
The goblin barely misses you. The goblin attacks as you move away!
The goblin closely misses you.
Found a leather armour.
The goblin attacks as you move away! The goblin hits you but does no damage.
The goblin attacks as you move away! The goblin closely misses you.
The goblin attacks as you move away! The goblin hits you but does no damage.
The goblin attacks as you move away! The goblin hits you but does no damage.
The goblin attacks as you move away! The goblin hits you with a +0 dagger.
* * * LOW HITPOINT WARNING * * *
You barely miss the goblin. The goblin hits you with a +0 dagger.
* * * LOW HITPOINT WARNING * * *
You closely miss the goblin.
The goblin hits you but does no damage. x2
You barely miss the goblin. The goblin barely misses you.
The goblin hits you but does no damage.
You closely miss the goblin. The goblin hits you but does no damage.
The goblin completely misses you.
You closely miss the goblin. The goblin barely misses you.
The goblin hits you but does no damage.
You barely miss the goblin. The goblin closely misses you.
The goblin hits you but does no damage.
You closely miss the goblin.
The goblin hits you from afar with a +0 spear.
* * * LOW HITPOINT WARNING * * *
The goblin barely misses you.
You scratch the goblin.
You kill the goblin!
Makhleb accepts your kill.
You feel better.
The goblin hits you from afar with a +0 spear.
You die...

#.# #..#
####g######. #.#
##.### #.....[.....
#.# #...#
#.########## #.#
###.#
##g#...######## #.#
#..#.8.##.....# #.#
#g.#...##..<..# #.##
#..#...##.....#
#..###..#.≈.##.....#
##.@)gg.#.≈..'.....#
#####..#)≈.##.....#
#..#.≈.##.....#
#(.#...##.....#
#......########
#..#########
#....J......
#.....l.....
########....


You could see a hobgoblin and a goblin.

Vanquished Creatures
  A bat (D:1)
  3 endoplasms (D:1)
  2 goblins (D:1)
  A hobgoblin (D:1)
  A quokka (D:1)
  2 frilled lizards (D:1)
  A rat (D:1)
11 creatures vanquished.

Notes
Turn   | Place    | Note
-------+----------+-------------------------------------------
     0 | D:1      | Strat the Ghoul Wanderer began the quest for the Orb.
     0 | D:1      | Strat set off with the following items: a +0 club, a potion
                  | of haste, a +0 leather armour, a wand of polymorph (6); and
                  | the following spells available to memorise: Sting,
                  | Passwall, Foxfire, Ignite Poison.
     0 | D:1      | Reached XP level 1. HP: 14/14 MP: 4/4
    42 | D:1      | Reached skill level 1 in Unarmed Combat
   105 | D:1      | Found a faded altar of an unknown god.
   146 | D:1      | Reached XP level 2. HP: 15/20 MP: 5/5
   176 | D:1      | Prayed at the altar of an unknown god.
   176 | D:1      | Became a worshipper of Makhleb the Destroyer
   176 | D:1      | Reached * piety under Makhleb
   301 | D:1      | Slain by a goblin

Illustrated notes

Levels and vault maps discovered:
D:1:      dpeg_arrival_rooms_c, layout_rooms, basic_ecumenical_altar

Skill      XL: |  1  2 |
---------------+-------+-----
Unarmed Combat | 1 2 |  2.1
Dodging        | |  1.0
Spellcasting   | |  3.6
Transmutations | |  3.6
Evocations     | |  1.0

Action                     || total
---------------------------++-------
  Melee: Unarmed           ||    56
 Armour: Leather armour    ||    26
  Dodge: Dodged            ||    40
